 Dungeon Crawl Stone Soup version 0.30-a0-757-ga6a79fd877 (webtiles) character file.

Game seed: 4864504910947142739

938 BigDaddyOpFi the Vexing (level 7, 0/27 HPs)
             Began as a Felid Summoner on Feb 9, 2023.
             Was a Follower of Vehumet.
             Succumbed to a kobold brigand's curare-tipped dart
             ... on level 7 of the Dungeon.
             The game lasted 00:16:07 (9226 turns).

BigDaddyOpFi the Vexing (Felid Summoner)            Turns: 9226, Time: 00:16:08

Health: 0/27       AC:  2    Str: 10    XL:     7   Next: 87%
Magic:  12/15      EV: 21    Int: 23    God:    Vehumet [*.....]
Gold:   302        SH:  0    Dex: 24    Spells: 7/16 levels left
                                        Lives:  0   Deaths: 2

rFire   . . .      SeeInvis +    (weapon unavailable)
rCold   . . .      Faith    .    (shield unavailable)
rNeg    . . .      Spirit   .    (body armour unavailable)
rPois   .          Reflect  .    (helmet unavailable)
rElec   .          Harm     .    (cloak unavailable)
rCorr   +          Rampage  .    (gloves unavailable)
Will    +....                    (boots unavailable)
Stlth   ++++                     (no amulet)
HPRegen 0.24/turn                j - +6 ring of intelligence
MPRegen 0.14/turn                v - ring "Mastite" {+Blink rCorr Str+6 Int-2 Dex+8}

@: brilliant, lethally poisoned (0 -> -2), on berserk cooldown, slowed, slow
A: very small, claws 1, fangs 3, see invisible, speed 1, shaggy fur 2, stealthy
paws, no weapons or thrown items, no armour, multi-lived
a: Renounce Religion, Evoke Blink


You were on level 7 of the Dungeon.
You worshipped Vehumet.
Vehumet was aware of your devotion.
You visited 2 branches of the dungeon, and saw 8 of its levels.

You collected 302 gold pieces.

Inventory:

Jewellery
 j - a +6 ring of intelligence (left paw)
 l - a +6 ring of intelligence
 v - the ring "Mastite" (right paw) {+Blink rCorr Str+6 Int-2 Dex+8}
   (You found it on level 5 of the Dungeon)

   [ring of strength]

   Str:       It affects your strength (+6).
   Int:       It affects your intelligence (-2).
   Dex:       It affects your dexterity (+8).
   +Blink:    It lets you blink.
   rCorr:     It protects you from acid and corrosion.
 w - a ring of fire
Wands
 b - a wand of charming (10)
 q - a wand of roots (14)
 t - a wand of quicksilver (19)
Scrolls
 c - a scroll of fear
 d - a scroll of blinking {unknown}
 f - 4 scrolls of teleportation
 h - a scroll of identify
 i - 2 scrolls of vulnerability
 o - a scroll of poison
Potions
 a - 2 potions of magic
 e - a potion of resistance {unknown}
 g - a potion of berserk rage
 k - a potion of brilliance
 n - a potion of invisibility {unknown}
 r - 2 potions of flight {unknown}
 s - 4 potions of curing {unknown}
 u - a potion of degeneration {unknown}


   Skills:
 - Level 5.3 Dodging
 - Level 5.6 Stealth
 + Level 5.2 Spellcasting
 * Level 7.8 Hexes
 + Level 6.6 Summonings


You had 7 spell levels left.
You knew the following spells:

 Your Spells              Type           Power      Damage    Failure   Level
a - Summon Small Mammal   Summ           100%       N/A       1%          1
b - Call Imp              Summ           53%        N/A       1%          2
c - Call Canine Familiar  Summ           53%        N/A       1%          3
d - Summon Guardian Gole  Hex/Summ       56%        N/A       1%          3

Your spell library contained the following spells:

 Spells                   Type           Power      Damage    Failure   Level
 Foxfire                  Conj/Fire      36%        2x1d5     10%         1
 Ensorcelled Hibernation  Hex/Ice        72%        N/A       2%          2
 Lesser Beckoning         Tloc           18%        N/A       14%         2
 Passwall                 Tmut/Erth      7%         N/A       14%         2
 Summon Lightning Spire   Summ/Air       32%        N/A       24%         4
 Gell's Gravitas          Tloc           9%         N/A       28%         3
 Swiftness                Air            9%         N/A       28%         3
 Teleport Other           Tloc           9%         N/A       28%         3


Dungeon Overview and Level Annotations

Branches:
Dungeon (7/15)             Temple (1/1) D:4

Altars:
Ashenzari
Fedhas
Kikubaaqudgha
Makhleb
Nemelex Xobeh
Qazlal
Sif Muna
Trog
Uskayaw
Vehumet
Xom
The Shining One

Shops:
D:3 (   D:6 ::!

Annotations:
D:4 Dowan, Duvessa
D:7 1 transporter


Innate Abilities, Weirdness & Mutations

You have sharp claws.
You have razor-sharp teeth.
You have supernaturally acute eyesight. (SInv)
You cover ground quickly. (Speed+)
You are covered in thick fur. (AC +2)
Your paws help you pounce on unaware monsters.
You are incapable of wielding weapons or throwing items.
You cannot wear armour.
You gain extra lives every three experience levels.


Message History

You feel very sick.
Your wolf closely misses the kobold brigand.
Your wolf barely misses the kobold brigand.
Your wolf closely misses the kobold brigand.
It was a potion of berserk rage.
A red film seems to cover your vision as you go berserk!
You feel yourself moving faster!
You feel mighty!
* * * LOW HITPOINT WARNING * * *
You feel sick.
Your wolf completely misses the kobold brigand.
The kobold barely misses your wolf.
The kobold brigand hits your white imp with a +0 short sword.
Your wolf misses the kobold brigand.
Your white imp misses the kobold brigand.
The kobold hits your white imp but does no damage.
The kobold brigand hits your white imp with a +0 short sword!
Your white imp dies!
Your white imp disappears in a puff of smoke!
The kobold closely misses your wolf.
You are too berserk!
You feel a strong urge to attack something.
* * * LOW HITPOINT WARNING * * *
You feel sick.
Your wolf bites the kobold brigand.
The kobold brigand throws a curare-tipped dart.
The curare-tipped dart closely misses you.
* * * LOW HITPOINT WARNING * * *
You feel sick.
Your wolf bites the kobold brigand.
Your wolf closely misses the kobold brigand.
You feel your anger nearly subside.
* * * LOW HITPOINT WARNING * * *
You feel sick.
You are no longer berserk.
You are exhausted.
You feel as though you will be slow longer.
* * * LOW HITPOINT WARNING * * *
You feel sick.
Your wolf barely misses the kobold brigand.
It was a potion of brilliance.
You feel clever all of a sudden.
You die...

#~...~#........
.#~...~#h.......
####.#~.♣.~#.K......
#####....#~...~#K...#
.........#~...~#K...#
......[..#~...S#....#
.........###+###....#
.........#P./.P#....#
.........#8.©.8#@...#
....<....#######)...#
##+#####....©.......###
......................#
......................#
......................#
....).................+
......................#
####+##################


You could see a kobold brigand (ally target), an electric eel, 2 kobolds and a
friendly wolf (summoned, corroded).

Vanquished Creatures
  A bullfrog (D:7)
  A white imp (D:6)
  A dart slug (D:1)
  An orc (D:6)
  A bat (D:1)
  2 goblins
  A hobgoblin (D:1)
  2 kobolds (D:6)
  2 quokkas (D:1)
12 creatures vanquished.

Vanquished Creatures (collateral kills)
  Sigmund (D:2)
  An ice beast (D:6)
  An ogre (D:5)
  3 centaurs
  A phantom (D:4)
  A necrophage (D:5)
  4 scorpions
  An orc priest (D:6)
  A hound (D:5)
  2 jellies
  An iguana (D:6)
  An orc wizard (D:6)
  16 adders
  4 gnolls (D:3)
  A shadow imp (D:6)
  3 worms
  3 dart slugs
  12 orcs
  7 endoplasms
  4 giant cockroaches
  A goblin (D:1)
  5 hobgoblins
  3 jackals (D:2)
  12 kobolds
  2 quokkas
  10 ball pythons
  2 bats
  12 frilled lizards
  A goblin zombie (D:6)
  4 hobgoblin zombies (D:6)
  2 orc skeletons (D:6)
  4 rats
126 creatures vanquished.

Vanquished Creatures (others)
  4 fungi (D:3)
  7 plants
11 creatures vanquished.

Grand Total: 149 creatures vanquished

Notes
Turn   | Place    | Note
-------+----------+-------------------------------------------
     0 | D:1      | BigDaddyOpFi the Felid Summoner began the quest for the
                  | Orb.
     0 | D:1      | Reached XP level 1. HP: 7/7 MP: 4/4
   188 | D:1      | Reached XP level 2. HP: 11/11 MP: 4/6
   309 | D:1      | Found a faded altar of an unknown god.
   310 | D:1      | Noticed an eye of devastation
   333 | D:1      | Noticed an eye of devastation
   333 | D:1      | Noticed a great orb of eyes
   333 | D:1      | Noticed a floating eye
   780 | D:1      | Reached XP level 3. HP: 10/14 MP: 3/7
  1012 | D:2      | Noticed Sigmund
  1431 | D:2      | Learned a level 2 spell: Call Imp
  1435 | D:2      | Learned a level 3 spell: Call Canine Familiar
  1813 | D:2      | Found a glowing golden altar of the Shining One.
  1836 | D:2      | Reached XP level 4. HP: 18/18 MP: 5/9
  1988 | D:2      | Killed from afar by Sigmund
  1989 | D:2      | Reached XP level 3. HP: -4/14 MP: 0/8
  2085 | D:2      | Killed Sigmund
  2086 | D:2      | Reached XP level 4. HP: 18/18 MP: 3/9
  2086 | D:2      | Reached XP level 5. HP: 21/21 MP: 3/10
  2282 | D:3      | Found a blossoming altar of Fedhas.
  2545 | D:3      | Reached skill level 5 in Stealth
  2632 | D:3      | Found Tarexkot's Weapon Shoppe.
  2682 | D:3      | Reached skill level 5 in Summonings
  2874 | D:3      | Found a shimmering altar of Xom.
  3034 | D:3      | Gained mutation: You are covered in thick fur. (AC +2)
                  | [Felid growth]
  3034 | D:3      | Reached XP level 6. HP: 24/24 MP: 1/12
  3338 | D:3      | Found an ancient bone altar of Kikubaaqudgha.
  3363 | D:3      | Reached skill level 5 in Dodging
  3725 | D:4      | Found a staircase to the Ecumenical Temple.
  4499 | D:4      | Noticed Duvessa
  4499 | D:4      | Noticed Dowan
  4534 | Temple   | Entered the Ecumenical Temple
  4547 | Temple   | Became a worshipper of Vehumet
  4647 | D:4      | Reached skill level 1 in Hexes
  4887 | D:5      | Entered Level 5 of the Dungeon
  4907 | D:5      | Reached skill level 2 in Hexes
  4907 | D:5      | Reached XP level 7. HP: 27/27 MP: 4/14
  4926 | D:5      | Identified the ring "Mastite" {+Blink rCorr Str+6 Int-2
                  | Dex+8}
  5035 | D:5      | Found a broken altar of Ashenzari.
  5036 | D:5      | Found a shimmering blue altar of Sif Muna.
  5041 | D:5      | Reached skill level 3 in Hexes
  5140 | D:5      | Reached skill level 4 in Hexes
  6339 | D:5      | Found a burning altar of Makhleb.
  6537 | D:5      | Found a hide-covered altar of Uskayaw.
  6544 | D:5      | Found a stormy altar of Qazlal.
  6571 | D:5      | Reached skill level 5 in Hexes
  6754 | D:5      | Found a bloodstained altar of Trog.
  7127 | D:6      | Found Igistacace's Book Boutique.
  7244 | D:6      | Identified the +7 dagger "Beastslayer" {pain, Drain rPois
                  | rC+++ SInv}
  7449 | D:6      | Reached * piety under Vehumet
  7449 | D:6      | Offered knowledge of Foxfire by Vehumet.
  7454 | D:6      | Learned a level 3 spell: Summon Guardian Golem
  7478 | D:6      | Reached skill level 6 in Hexes
  7478 | D:6      | Reached XP level 8. HP: 12/31 MP: 1/16
  7486 | D:6      | Killed from afar by an orc priest
  7487 | D:6      | Reached XP level 7. HP: -1/27 MP: 2/15
  8123 | D:6      | Found Fiklefarch's Book Boutique.
  8227 | D:6      | Found Emysk's Distillery.
  8311 | D:6      | Found a glowing golden altar of the Shining One.
  8329 | D:6      | Found a sparkling altar of Nemelex Xobeh.
  8782 | D:7      | Reached skill level 5 in Spellcasting
  8782 | D:7      | Reached skill level 7 in Hexes
  9176 | D:7      | Found a transporter.
  9224 | D:7      | HP: 2/40 [poisoned by a kobold brigand (curare-tipped
                  | dart)]
  9226 | D:7      | Succumbed to a kobold brigand's curare-tipped dart

Illustrated notes

Levels and vault maps discovered:
D:1:      shiori_shiawase, layout_loops_ring,
          hellmonk_ecumenical_altar_watching_god, serial_bayou_pond_b
D:2:      layout_loops_ring, basic_altar, minmay_domino_2, uniq_sigmund
D:3:      layout_basic, fedhas_altar_3, overflow_temple_1_default,
          mainiacjoe_overflow_alcove_2, serial_shops, nicolae_shop_hallway_plus
D:4:      layout_layer_cave, minmay_temple_entry_grid, gammafunk_ghost_grave,
          uniq_duvessa
D:5:      layout_basic, lightli_temple_of_fire,
          mainiacjoe_overflow_surrounded_room, gammafunk_temple_overflow_pools,
          chequers_temple_overflow_statue_of_worship
D:6:      layout_rooms, nicolae_tso_besieged_by_evil, mainiacjoe_overflow_paths,
          serial_shops, shop, nicolae_shop_competitors_out_of_business,
          nicolae_shop_crystal, minmay_lizard_king
D:7:      gammafunk_steamed_eel, layout_gridville,
          nicolae_ru_great_annihilating_truth, grunt_ministairs_1,
          nicolae_figureground_sparkle
Temple:   hellmonk_temple_beads

Skill      XL: |  1  2  3  4  5  6  7 |
---------------+----------------------+-----
Stealth        | 3 4 5 |  5.6
Dodging        | 3 4 5 |  5.3
Spellcasting   | 3 4 5 |  5.2
Summonings     | 5 6 |  6.6
Hexes          | 2 7 |  7.8

Action                     |  1- 3 |  4- 6 |  7- 9 || total
---------------------------+-------+-------+-------++-------
  Melee: Unarmed           |    22 |    15 |    16 ||    53
         Bite              |     4 |       |     2 ||     6
   Cast: Summon Small Mamm |    41 |    19 |    16 ||    76
         Call Canine Famil |     5 |    31 |    34 ||    70
         Call Imp          |     4 |    30 |    18 ||    52
         Summon Guardian G |       |       |     6 ||     6
    Use: Scroll            |       |       |     9 ||     9
         Potion            |       |       |     2 ||     2
   Stab: Sleeping          |     3 |       |       ||     3
 Armour: Skin              |    10 |     3 |     4 ||    17
  Dodge: Dodged            |    99 |    19 |    96 ||   214

Table legend: (Time is in decaauts)
 A = Elapsed time spent in this place.
 B = Non-inter-level travel time spent in this place.
 C = Inter-level travel time spent in this place.
 D = Time resting spent in this place.
 E = Time spent auto-exploring this place.
 F = Levels seen in this place.
 G = Mean time per level.
                   A        B        C        D        E       F      G
               +--------+--------+--------+--------+--------+-----+--------+
         Total |   8452 |   8282 |    170 |   2709 |   3723 |   8 | 1056.5 |
       Dungeon |   8430 |   8270 |    160 |   2709 |   3723 |   7 | 1204.3 |
        Temple |     21 |     12 |      9 |      0 |      0 |   1 |   21.0 |
               +--------+--------+--------+--------+--------+-----+--------+

Top non-repeatable levels by time:
     D:5: 2720 daAuts
     D:3: 1324 daAuts
     D:6: 1254 daAuts
     D:4: 1013 daAuts
     D:2: 1012 daAuts
     D:1: 1003 daAuts
     D:7: 102 daAuts
  Temple: 21 daAuts
